 Dungeon Crawl Stone Soup version 0.29.0-4-gdea44cf6ec (webtiles) character file.

Game seed: 16015007868971929641

67 qw the Chopper (level 4, -8/26 HPs)
             Began as a Tengu Warper on Aug 28, 2022.
             Mangled by a gnoll
             ... wielding a +0 spear
              (10 damage)
             ... on level 4 of the Dungeon.
             The game lasted 00:00:09 (1667 turns).

qw the Chopper (Tengu Warper)                       Turns: 1667, Time: 00:00:09

Health: -8/26      AC:  1    Str: 13    XL:     4   Next: 18%
Magic:  0/8        EV: 12    Int: 13    God:
Gold:   56         SH:  0    Dex: 14    Spells: 7/7 levels left

rFire   . . .      SeeInvis .   Y - +0 hand axe
rCold   . . .      Faith    .   (no shield)
rNeg    . . .      Spirit   +   (no body armour)
rPois   .          Reflect  .   (helmet restricted)
rElec   .          Harm     .   (no cloak)
rCorr   .          Rampage  .   d - +0 pair of gloves
Will    .....                   (boots unavailable)
Stlth   +.........              i - amulet of guardian spirit
HPRegen 0.08/turn               (no ring)
MPRegen 0.11/turn               (no ring)

@: no status effects
A: beak, talons 3
a: no special abilities


You were on level 4 of the Dungeon.
You visited 1 branch of the dungeon, and saw 3 of its levels.

You collected 56 gold pieces.


Innate Abilities, Weirdness & Mutations

You have a beak for a mouth.
You have claws for feet.


   Skills:
 - Level 2.0 Fighting
 + Level 4.8 Axes
 - Level 1.0 Throwing
 - Level 1.1 Armour
 - Level 2.1 Dodging
 - Level 2.0 Spellcasting
 - Level 2.4 Translocations


You had 7 spell levels left.
You didn't know any spells.
Your spell library contained the following spells:

 Spells                   Type           Power      Damage    Failure   Level
 Blink                    Tloc           14%        N/A       14%         2
 Gell's Gravitas          Tloc           7%         N/A       28%         3
 Lesser Beckoning         Tloc           7%         N/A       28%         3
 Teleport Other           Tloc           7%         N/A       28%         3
 Manifold Assault         Tloc           7%         N/A       95%         5

Inventory:

Hand Weapons
 c - a +0 morningstar
 Y - a +0 hand axe (weapon)
Armour
 b - a +0 leather armour
 d - a +0 pair of gloves (worn)
 g - a +0 ring mail
Jewellery
 i - an amulet of guardian spirit (around neck)
Potions
 e - a potion of heal wounds {unknown}
 f - a potion of curing

Dungeon Overview and Level Annotations

Branches:
Dungeon (2/15)

Altars:

Shops:
D:1 :


Message History

You have reached level 4!
You feel agile.
You start resting.
Magic restored.
You start resting.
HP restored.
A gnoll comes into view. It is wielding a +0 club.
The gnoll shouts!
You closely miss the gnoll. The gnoll barely misses you.
You hit the gnoll. You peck the gnoll.
The gnoll is moderately wounded.
The gnoll hits you with a +0 club.
You hit the gnoll but do no damage.
The gnoll is moderately wounded.
The gnoll closely misses you.
You closely miss the gnoll. Your kick misses the gnoll. You peck the gnoll.
The gnoll is heavily wounded.
The gnoll closely misses you.
You hit the gnoll. Your peck misses the gnoll.
The gnoll is severely wounded.
The gnoll barely misses you.
You hit the gnoll. You peck the gnoll, but do no damage.
The gnoll is almost dead.
The gnoll hits you with a +0 club.
You hit the gnoll.
You kill the gnoll!
A gnoll comes into view. It is wielding a +0 spear.
A gnoll comes into view. It is wielding a +0 whip.
The gnoll shouts! x2; You hear a shout!
The gnoll hits you from afar with a +0 spear.
Items here: %%% )).
The gnoll barely misses you. The gnoll hits you with a +0 spear.
A gnoll comes into view. It is wielding a +0 flail.
You see here a hobgoblin corpse.
You barely miss the gnoll. Your kick misses the gnoll.
You closely miss the gnoll. The gnoll hits you with a +0 whip.
The gnoll hits you with a +0 spear.
You barely miss the gnoll. You hit the gnoll.
The gnoll hits you with a +0 whip. The gnoll hits you with a +0 spear!
You die...

.# . .# ##.####
#<########.......
.(...%>))..#
########
...(.####@g#
#....... #.#..#
#g.# # #.#####.
gg....##..#.#
#.#####. #.....#.#
#.##....
...####....#
####.##.##.
.........###
#..........
#..#####g##
#.##....... #...#
#.##.##.##.
#...####.##.##.##.


You could see 3 gnolls.

Vanquished Creatures
  2 gnolls
  2 dart slugs (D:1)
  An orc (D:4)
  4 endoplasms
  6 goblins (D:4)
  9 hobgoblins
  3 jackals (D:1)
  A kobold (D:2)
  4 ball pythons
  2 frilled lizards
  4 rats (D:1)
38 creatures vanquished.

Notes
Turn   | Place    | Note
-------+----------+-------------------------------------------
     0 | D:1      | qw the Tengu Warper began the quest for the Orb.
     0 | D:1      | Reached XP level 1. HP: 12/12 MP: 4/4
     0 | D:1      | 0 ||| qw: Version: 0.1-a-89-g26bdef1
     0 | D:1      | 0 ||| qw: Game counter: 3390
     0 | D:1      | 0 ||| qw: Always use a shield: true
     0 | D:1      | 0 ||| qw: God list: Okawaru
     0 | D:1      | 0 ||| qw: Allow faded altars: false
     0 | D:1      | 0 ||| qw: Do Orc after D:15 true
     0 | D:1      | 0 ||| qw: Do second Lair branch before Depths: true
     0 | D:1      | 0 ||| qw: Lair rune preference: random
     0 | D:1      | 0 ||| qw: Plans: Normal
     0 | D:1      | 0 ||| PLANNING D:1-11
    30 | D:1      | Found Puusygg's Book Emporium.
   126 | D:1      | HP: 3/12 [dart slug/slug dart (2)]
   129 | D:1      | Reached XP level 2. HP: 4/17 MP: 6/6
   383 | D:1      | Reached skill level 3 in Axes
   524 | D:1      | 524 ||| Stepping ~*~*~tactically~*~*~ (stealth).
   525 | D:1      | 525 ||| Stepping ~*~*~tactically~*~*~ (stealth).
   526 | D:1      | 526 ||| Stepping ~*~*~tactically~*~*~ (stealth).
   542 | D:1      | 542 ||| Stepping ~*~*~tactically~*~*~ (stealth).
   703 | D:1      | Reached XP level 3. HP: 19/21 MP: 7/7
   918 | D:1      | Reached skill level 4 in Axes
  1180 | D:1      | 1180 ||| UPGRADING to +0 pair of gloves.
  1185 | D:1      | 1185 ||| UPGRADING to amulet of guardian spirit.
  1190 | D:1      | 1190 ||| READING 2 scrolls labelled BAIPSU UDAING.
  1191 | D:1      | 1191 ||| DRINKING 2 glowing emerald potions.
  1192 | D:1      | 1192 ||| DROPPING scroll of poison.
  1193 | D:1      | 1193 ||| DROPPING scroll of blinking.
  1194 | D:1      | 1194 ||| Stepping randomly (stuck).
  1195 | D:1      | 1195 ||| Stepping ~*~*~tactically~*~*~ (cloud).
  1497 | D:2      | You fall into a shaft and drop 2 floors!
  1539 | D:4      | 1539 ||| Stepping ~*~*~tactically~*~*~ (stealth).
  1547 | D:4      | 1547 ||| DROPPING +0 flail.
  1561 | D:4      | 1561 ||| Stepping ~*~*~tactically~*~*~ (stealth).
  1566 | D:4      | 1566 ||| UPGRADING to +0 ring mail.
  1579 | D:4      | 1579 ||| Stepping ~*~*~tactically~*~*~ (stealth).
  1595 | D:4      | 1595 ||| Stepping ~*~*~tactically~*~*~ (stealth).
  1596 | D:4      | 1596 ||| Stepping ~*~*~tactically~*~*~ (stealth).
  1619 | D:4      | Reached XP level 4. HP: 23/26 MP: 6/8
  1667 | D:4      | HP: 2/26 [gnoll/+0 whip (5)]
  1667 | D:4      | Mangled by a gnoll

Levels and vault maps discovered:
D:1:      scummos_arrival_simple_fountains, layout_rooms, serial_curves,
          eino_curves_02, eino_curves_04, serial_shops, nicolae_shop_crystal
D:2:      layout_loops_ring, chequers_ecumenical_altar_simple
D:4:      layout_loops_cross, minmay_goblin_outpost

Skill      XL: |  1  2  3 |
---------------+----------+-----
Axes           | 3 4 |  4.8
Fighting       | |  2.0
Throwing       | |  1.0
Armour         | |  1.1
Dodging        | |  2.1
Spellcasting   | |  2.0
Translocations | |  2.4

Action                   |  1- 3 |  4- 6 || total
-------------------------+-------+-------++-------
Melee: Hand axe          |    64 |     9 ||    73
       Kick              |    21 |       ||    21
       Peck              |    11 |     3 ||    14
Throw: Boomerang         |     7 |       ||     7
       Javelin           |    11 |       ||    11
  Use: Scroll            |     1 |       ||     1
       Potion            |     1 |       ||     1
Armor: Leather armour    |    10 |       ||    10
       Skin              |     1 |       ||     1
Dodge: Dodged            |    24 |     5 ||    29

Table legend:
 A = Non-vault XP
 B = Vault XP
 C = Vault XP percentage of total XP
 D = Non-vault monster count
 E = Vault monster count
 F = Vault count percentage of total count
                 A         B        C        D         E       F
            +---------+---------+-------+---------+---------+-------
      Total |      87 |      10 |  10.3 |      32 |       6 |  15.8
            +---------+---------+-------+---------+---------+-------
        D:1 |      54 |       0 |   0.0 |      22 |       0 |   0.0
        D:2 |       7 |       0 |   0.0 |       4 |       0 |   0.0
        D:4 |      26 |      10 |  27.8 |       6 |       6 |  50.0
            +---------+---------+-------+---------+---------+-------
